 Dungeon Crawl Stone Soup version 0.30-a0-702-gdf48620a09 (webtiles) character file.

Game seed: 15191682896314021858

182 Alitron123 the Cudgeller (level 5, -3/34 HPs)
             Began as a Gargoyle Berserker on Jan 21, 2023.
             Was a Priest of Trog.
             Slain by a gnoll
             ... wielding a +1 halberd of venom
             ... led by a gnoll bouda
              (8 damage)
             ... on level 4 of the Dungeon.
             The game lasted 00:04:49 (3317 turns).

Alitron123 the Cudgeller (Gargoyle Berserker)       Turns: 3317, Time: 00:04:49

Health: -3/34      AC: 11    Str: 22    XL:     5   Next: 61%
Magic:  5/5        EV: 16    Int: 14    God:    Trog [***...]
Gold:   245        SH:  0    Dex:  9    Spells: 4/4 levels left

rFire   . . .      SeeInvis .    a - +0 mace
rCold   . . .      Faith    .    (no shield)
rNeg    + . .      Spirit   .    p - +0 ring mail
rPois   ∞          Reflect  .    (no helmet)
rElec   +          Harm     .    q - +0 cloak
rCorr   .          Rampage  .    h - +0 pair of gloves
Will    .....                    (no boots) Stlth
                                 (no amulet)
HPRegen 0.25/turn                g - +6 ring of intelligence
MPRegen 0.09/turn                m - +5 ring of evasion

@: on berserk cooldown, slowed, very slow
A: sickness immunity, AC +4, negative energy resistance 1, electricity
resistance, torment resistance 1, petrification resistance
a: Renounce Religion, Berserk, Trog's Hand


You were on level 4 of the Dungeon.
You worshipped Trog.
Trog was most pleased with you.
You visited 1 branch of the dungeon, and saw 4 of its levels.

You collected 245 gold pieces.

Inventory:

Hand Weapons
 a - a +0 mace (weapon)
Armour
 h - a +0 pair of gloves (worn)
 p - a +0 ring mail (worn)
 q - a +0 cloak (worn)
Jewellery
 g - a +6 ring of intelligence (left hand)
 i - a ring of willpower
 m - a +5 ring of evasion (right hand)
Wands
 e - a wand of iceblast (11) (quivered)
 k - a wand of digging (3)
Scrolls
 b - a scroll of torment {unknown}
 f - a scroll of brand weapon {unknown}
 n - a scroll of vulnerability
Potions
 c - a potion of flight {unknown}
 d - 2 potions of haste
 j - a potion of heal wounds {unknown}


   Skills:
 + Level 4.3 Fighting
 + Level 4.7 Maces & Flails
 + Level 3.0 Armour
 + Level 2.2 Dodging


You had 4 spell levels left.
You didn't know any spells.
Your spell library was empty.

Dungeon Overview and Level Annotations

Branches:
Dungeon (4/15)
 Temple: D:4-7

Altars:
Trog
Wu Jian

Shops:
D:1 (   D:4 (


Innate Abilities, Weirdness & Mutations

You are immune to sickness and miasma.
Your stone body is resilient. (AC +4)
You are immune to poison.
You resist negative energy. (rN+)
You are resistant to electric shocks. (rElec)
You are resistant to unholy torment.
You are immune to petrification.


Message History

You are too injured to fight recklessly!
You are too injured to fight recklessly!
You barely miss the gnoll.
Your attacks no longer feel as feeble.
The gnoll misses you. The gnoll hits you with a +0 spear.
The gnoll hits you with a +1 halberd of venom!
* * * LOW HITPOINT WARNING * * *
The gnoll bouda barely misses you.
You sock the gnoll!
You kill the gnoll!
Trog accepts your kill. The gnoll closely misses you.
The gnoll hits you with a +1 halberd of venom.
* * * LOW HITPOINT WARNING * * *
The gnoll bouda hits you with a +0 club.
* * * LOW HITPOINT WARNING * * *
Things that are here:
a +0 spear; a gnoll corpse You closely miss the gnoll.
The gnoll misses you.
The gnoll hits you with a +1 halberd of venom.
* * * LOW HITPOINT WARNING * * *
The gnoll bouda barely misses you.
You sock the gnoll!
You kill the gnoll!
Trog accepts your kill. The gnoll closely misses you.
The gnoll bouda hits you but does no damage.
Things that are here:
a +0 spear; a gnoll corpse You feel a strong urge to attack something.
The gnoll bouda closely misses you. The gnoll closely misses you.
Things that are here:
a +0 spear; a gnoll corpse You sock the gnoll bouda!
The gnoll bouda is severely wounded.
You are no longer berserk.
You are exhausted.
You feel yourself slow down.
The gnoll hits you with a +1 halberd of venom!
You die...

#.#....####.#
#.#....#....#
#.#....#.#..#
###########.#....#)#.†)
............#....#.##..
#...........†.##..
#.######.###..##..
#####)####....##..^...
#...g@g....#....∩....#
#....)..#..<.....#####
#.......#.#..##..# .
#.......#.#..##..# #
#....$..#.......##
#.......## .## ####
######### .. #... #
###.## #.....


You could see a gnoll bouda and a gnoll (swift).

Vanquished Creatures
  6 adders
  4 gnolls (D:4)
  2 worms (D:3)
  4 dart slugs
  2 orcs (D:3)
  3 endoplasms
  2 giant cockroaches (D:1)
  6 goblins
  8 hobgoblins
  3 jackals (D:1)
  3 kobolds
  4 quokkas
  5 ball pythons
  5 bats
  13 frilled lizards
  9 rats
79 creatures vanquished.

Vanquished Creatures (others)
  5 plants (D:1)
5 creatures vanquished.

Grand Total: 84 creatures vanquished

Notes
Turn   | Place    | Note
-------+----------+-------------------------------------------
     0 | D:1      | Alitron123 the Gargoyle Berserker began the quest for the
                  | Orb.
     0 | D:1      | Reached XP level 1. HP: 14/14 MP: 1/1
   121 | D:1      | Reached XP level 2. HP: 19/19 MP: 2/2
   455 | D:1      | Found Fudeaz's Antique Weapon Shoppe.
   495 | D:1      | Reached XP level 3. HP: 20/24 MP: 3/3
   832 | D:1      | Reached ** piety under Trog
  1473 | D:2      | Reached XP level 4. HP: 22/29 MP: 4/4
  1572 | D:2      | Found a faded altar of an unknown god.
  2465 | D:3      | Found a large runed translucent door.
  2468 | D:3      | Found a large runed translucent door.
  2486 | D:3      | Reached XP level 5. HP: 33/33 MP: 5/5
  3142 | D:3      | Found an ornate altar of the Wu Jian Council.
  3157 | D:3      | Found a bloodstained altar of Trog.
  3262 | D:4      | Found Dyh Madu's Weapon Shoppe.
  3311 | D:4      | Reached *** piety under Trog
  3317 | D:4      | Slain by a gnoll

Illustrated notes

Levels and vault maps discovered:
D:1:      lemuel_arrival_lava_pool, layout_basic, serial_shops,
          nicolae_shop_hallway_plus, minmay_lizard_king
D:2:      layout_loops_corners, shapermc_ecumenical_altar_ellora,
          minmay_rat_gold_closets
D:3:      layout_basic, jmf_multi_god_temple2, chequers_serial_rivers_micro_d,
          minmay_quadrilaterals
D:4:      layout_basic, serial_shops, nicolae_square_shop, due_unseen_surprise

Skill      XL: |  1  2  3  4  5 |
---------------+----------------+-----
Dodging        | 2 |  2.2
Fighting       | 4 |  4.3
Maces & Flails | 4 |  4.7
Armour         | 3 |  3.0

Action                   |  1- 3 |  4- 6 || total
-------------------------+-------+-------++-------
Melee: Mace              |   142 |   120 ||   262
       Punch             |       |     1 ||     1
Invok: Berserk           |     3 |     2 ||     5
  Use: Scroll            |       |     5 ||     5
       Potion            |       |     3 ||     3
Armor: Animal skin       |    31 |       ||    31
       Leather armour    |    24 |    18 ||    42
       Ring mail         |       |    40 ||    40
Dodge: Dodged            |   104 |   141 ||   245

Table legend: (Time is in decaauts)
 A = Elapsed time spent in this place.
 B = Non-inter-level travel time spent in this place.
 C = Inter-level travel time spent in this place.
 D = Time resting spent in this place.
 E = Time spent auto-exploring this place.
 F = Levels seen in this place.
 G = Mean time per level.
                   A        B        C        D        E       F      G
               +--------+--------+--------+--------+--------+-----+--------+
         Total |   3377 |   3153 |    224 |      0 |   2469 |   4 |  844.2 |
       Dungeon |   3377 |   3153 |    224 |      0 |   2469 |   4 |  844.2 |
               +--------+--------+--------+--------+--------+-----+--------+

Top non-repeatable levels by time:
     D:2: 1162 daAuts
     D:1: 1083 daAuts
     D:3: 1010 daAuts
     D:4: 120 daAuts
